 Dungeon Crawl Stone Soup version 0.18-a0-1526-gcb34c7c (webtiles) character file.

109 GrosslyIncandescent the Insei (level 4, -2/35 HPs)
             Began as a Mummy Monk on Mar 8, 2016.
             Slain by pedritolo's ghost (8 damage)
             ... on level 3 of the Dungeon.
             The game lasted 00:04:18 (4149 turns).

GrosslyIncandescent the Insei (Mummy Monk)          Turns: 4149, Time: 00:04:18

Health: -2/35      AC:  1    Str: 14    XL:     4   Next: 60%
Magic:  4/4        EV: 13    Int:  9    God:
Gold:   126        SH:  0    Dex: 15    Spells: 0 memorised, 3 levels left

rFire  x . .     SeeInvis .       - Unarmed
rCold  + . .     Gourm    .     (no armour)
rNeg   + + +     Faith    .     (no shield)
rPois  ∞         Spirit   .     d - +0 helmet
rElec  .         Dismiss  .     (no cloak)
rCorr  .         Reflect  .     (no gloves)
SustAt .         Harm     .     (no boots)
MR     .....                    (no amulet)
Stlth  ++........               c - ring of positive energy
                                a - ring of poison resistance

@: not resistant to hostile enchantments, unstealthy
A: no food or potions, fire vulnerability, cold resistance 1, negative energy
resistance 3, torment resistance, unbreathing
a: no special abilities


You were on level 3 of the Dungeon.
You were not hungry.

You visited 1 branch of the dungeon, and saw 3 of its levels.

You collected 126 gold pieces.


Innate Abilities, Weirdness & Mutations

You do not eat or drink.
Your flesh is vulnerable to fire.
You are immune to poison.
Your flesh is cold resistant.
You are immune to negative energy.
You are immune to unholy pain and torment.
You can survive without breathing.


   Skills:
 - Level 3.0 Fighting
 - Level 2.4 Dodging
 - Level 1.5 Stealth
 + Level 5.0 Unarmed Combat


You had 3 spell levels left.
You didn't know any spells.

Inventory:

Missiles
 j - 4 large rocks (quivered) {=f}
Armour
 d - a +0 helmet (worn)
Jewellery
 a - a ring of poison resistance (left hand)
 c - a ring of positive energy (right hand)
 l - an uncursed ring of flight
 m - an uncursed ring of ice
Scrolls
 b - a scroll of noise {unknown}
 e - 2 scrolls of blinking {unknown}
 f - 4 scrolls of identify {unknown}
 g - a scroll of fear {unknown}
 h - a scroll of enchant armour {unknown}
 i - a scroll of enchant weapon {unknown}
 k - a scroll of recharging {unknown}

Dungeon Overview and Level Annotations

Branches:
Dungeon (3/15)

Altars:
Ashenzari
Gozag
Nemelex Xobeh
Ru
The Shining One

Annotations:
D:3 pedritolo's ghost, amateur VSMo

▒.....▒
▒.....(.......
▒.....▒
▒▒▒▒▒▒▒▒▒▒.▒▒▒▒▒▒▒
▒.....▒
▒.................
▒.....▒
▒.▒▒▒▒▒▒▒▒.▒▒▒▒▒▒▒
▒.....▒
▒.▒...............
▒▒▒▒▒▒▒
▒.▒.▒▒▒▒▒▒▒▒▒▒▒▒.▒
▒.▒........
▒.▒........
▒▒▒▒▒▒▒▒M▒........
▒......W...▒▒▒▒▒▒▒
▒..........▒
▒..........▒
▒<.........▒
▒....▒▒▒'▒▒▒
▒....▒ ▒.▒
▒▒▒▒▒▒....▒▒▒.▒
.......<%.....▒


You could see pedritolo's ghost.


Message History

Pedritolo's ghost screams, "You will never get the ORB!!!"
Pedritolo's ghost hits you!!!
Pedritolo's ghost shrieks, "You must not succeed where I failed!!!"
You closely miss pedritolo's ghost! Pedritolo's ghost misses you!
You closely miss pedritolo's ghost!
You punch pedritolo's ghost, but do no damage!
Pedritolo's ghost hits you!
You pulverise pedritolo's ghost!
Pedritolo's ghost is lightly damaged!
Pedritolo's ghost completely misses you!
You pound pedritolo's ghost but do no damage!
Pedritolo's ghost is lightly damaged!
Pedritolo's ghost hits you!!! * * * don't die
* * * You barely miss pedritolo's ghost!
Pedritolo's ghost is lightly damaged!
Pedritolo's ghost hits you!!! * * * don't die
* * * You barely miss pedritolo's ghost!
Pedritolo's ghost is lightly damaged!
You barely miss pedritolo's ghost!
Pedritolo's ghost is lightly damaged!
Pedritolo's ghost barely misses you!
You squash pedritolo's ghost but do no damage!
Pedritolo's ghost is lightly damaged!
Pedritolo's ghost hits you but does no damage!
You barely miss pedritolo's ghost!
Pedritolo's ghost is lightly damaged!
Pedritolo's ghost hits you!!! rip

Action                   |  1- 3 |  4- 6 || total
-------------------------+-------+-------++-------
Melee: Unarmed           |   165 |    61 ||   226
 Stab: Sleeping          |     3 |       ||     3

Vault maps used:
D:1:      mushboom_english_gardens
D:2:      nicolae_overflow_hidden_temple, grunt_temple_overflow_cloverleaf,
          ecumenical_altar_2, grunt_decor_fettered
D:3:      first_bread, serial_park_tiny_pond

Notes
Turn   | Place    | Note
--------------------------------------------------------------
     0 | D:1      | GrosslyIncandescent the Mummy Monk began the quest for the Orb.
     0 | D:1      | Reached XP level 1. HP: 18/18 MP: 1/1
   280 | D:1      | Reached XP level 2. HP: 4/24 MP: 2/2
  1171 | D:1      | Reached skill level 4 in Unarmed Combat
  1391 | D:1      | Reached XP level 3. HP: 29/29 MP: 3/3
  1810 | D:2      | Found a faded altar to an unknown god.
  2043 | D:2      | Found a sacrificial altar of Ru.
  2249 | D:2      | Found a glowing golden altar of the Shining One.
  2252 | D:2      | Found a sparkling altar of Nemelex Xobeh.
  2255 | D:2      | Found a shattered altar of Ashenzari.
  2258 | D:2      | Found an opulent altar of Gozag.
  2756 | D:3      | Reached XP level 4. HP: 28/35 MP: 4/4
  2980 | D:3      | Noticed pedritolo's ghost (amateur VSMo)
  3540 | D:2      | HP: 2/35 [orc wizard/magic dart (3)]
  3541 | D:2      | Reached skill level 5 in Unarmed Combat
  4149 | D:3      | Slain by pedritolo's ghost

Vanquished Creatures
  An orc wizard (D:2)
  An adder (D:2)
  3 worms
  A dart slug (D:1)
  5 giant geckos
  4 orcs (D:3)
  A ball python (D:1)
  4 giant cockroaches
  7 goblins
  9 hobgoblins (D:1)
  5 kobolds
  A quokka (D:3)
  4 bats
  6 rats
52 creatures vanquished.
